 Dungeon Crawl Stone Soup version 0.29-a0-356-g7bc237e783 (webtiles) character file.

Game seed: 4898649680295573925

14 domi the Magician (level 2, 0/19 HPs)
             Began as a Demonspawn Hedge Wizard on Apr 25, 2022.
             Slain by a quokka (3 damage)
             ... on level 1 of the Dungeon.
             The game lasted 00:00:59 (480 turns).

domi the Magician (Demonspawn Hedge Wizard)          Turns: 480, Time: 00:00:59

Health: 0/19       AC:  9    Str: 10    XL:     2   Next: 31%
Magic:  1/6        EV: 12    Int: 15    God:
Gold:   20         SH:  0    Dex: 12    Spells: 6/7 levels left

rFire   . . .      SeeInvis .   g - +2 short sword (protect)
rCold   . . .      Faith    .   (no shield)
rNeg    . . .      Spirit   .   b - +0 robe
rPois   .          Reflect  .   c - +0 hat
rElec   .          Harm     .   (no cloak)
rCorr   .          Rampage  .   (no gloves)
Will    .....                   (no boots)
Stlth   ++........              (no amulet)
HPRegen 0.06/turn               (no ring)
MPRegen 0.10/turn               (no ring)

@: under a protective aura
A: ignite blood 1
a: no special abilities


You were on level 1 of the Dungeon.
You visited 1 branch of the dungeon, and saw 1 of its levels.

You collected 20 gold pieces.

Inventory:

Hand Weapons
 a - a +0 dagger
 g - a +2 short sword of protection (weapon)
   (You found it on level 1 of the Dungeon)
Armour
 b - a +0 robe (worn)
 c - a +0 hat (worn)
Scrolls
 e - a scroll of identify {unknown}
Potions
 d - a potion of magic
 f - a potion of might {unknown}


   Skills:
 - Level 1.7 Dodging
 - Level 1.7 Stealth
 + Level 3.2 Spellcasting
 * Level 2.0 Conjurations
 - Level 1.0 Summonings
 - Level 0.8 Translocations


You had 6 spell levels left.
You knew the following spells:

 Your Spells              Type           Power      Damage    Failure   Level
z - Magic Dart            Conj           32%        1d4       9%          1

Your spell library contained the following spells:

 Spells                   Type           Power      Damage    Failure   Level
 Slow                     Hex            8%         N/A       21%         1
 Call Imp                 Summ           5%         N/A       21%         2
 Blink                    Tloc           8%         N/A       22%         2
 Conjure Flame            Conj/Fire      5%         6-21      36%         3
 Mephitic Cloud           Conj/Pois/Air  4%         N/A       41%         3


Dungeon Overview and Level Annotations

Branches:
Dungeon (1/15)

Altars:


Innate Abilities, Weirdness & Mutations

Your demonic aura sometimes causes spilled blood to erupt in flames.


Message History

Found a stone staircase leading down.
MP restored: 6 You now have 11 gold pieces.
There is a stone staircase leading down here.
You see here a ball python corpse.
A ball python comes into view.
A ball python is nearby!
A ball python is nearby!
A ball python is nearby!
Aim: a ball python (asleep, 100% to hit)
The magic dart hits the ball python.
The ball python hisses angrily.
You now have 5/6 mp.
Aim: a ball python (moderately wounded, 100% to hit)
The magic dart hits the ball python.
You now have 4/6 mp.
Aim: a ball python (severely wounded, 100% to hit)
The magic dart hits the ball python.
You kill the ball python!
You now have 3/6 mp.
You can't see any susceptible monsters within range! (Use Z to cast anyway.)
You can't see any susceptible monsters within range! (Use Z to cast anyway.)
You now have 20 gold pieces (gained 9). 2 quokkas, an endoplasm and a hobgoblin come into view.
The hobgoblin shouts!
MP restored: 6
There are monsters nearby!
There are monsters nearby!
There are monsters nearby!
Aim: an endoplasm (wandering, hasn't noticed you, 100% to hit)
The magic dart hits the endoplasm.
The endoplasm quivers.
A goblin comes into view. It is wielding a +0 dagger.
You now have 5/6 mp.
Aim: an endoplasm (heavily wounded, 100% to hit)
The magic dart hits the endoplasm but does no damage.
The goblin shouts!
You now have 4/6 mp.
Aim: an endoplasm (heavily wounded, 100% to hit)
The magic dart hits the endoplasm.
The quokka bites you. The endoplasm hits you.
You take 5 damage, and have 14/19 hp.
MASSIVE DAMAGE!!
You now have 3/6 mp.
Aim: an endoplasm (almost dead, 100% to hit)
You miscast Magic Dart.
You are very lightly contaminated with residual magic.
Nothing appears to happen.
The quokka completely misses you. The endoplasm closely misses you.
The quokka closely misses you.
You now have 2/6 mp.
Aim: an endoplasm (almost dead, 100% to hit)
The magic dart hits the endoplasm but does no damage.
The endoplasm closely misses you.
You now have 1/6 mp.
Aim: an endoplasm (almost dead, 100% to hit)
You miscast Magic Dart.
Nothing appears to happen.
The endoplasm jiggles.
The endoplasm freezes you.
You are frozen.
You take 4 damage, and have 10/19 hp.
MASSIVE DAMAGE!!
You now have 0/6 mp.
You puncture the endoplasm!
Your weapon exudes an aura of protection.
You kill the endoplasm!
You barely miss the quokka. The quokka misses you.
The quokka barely misses you.
You barely miss the quokka. The quokka closely misses you.
You hit the quokka. The quokka misses you. The quokka completely misses you.
The goblin hits you but does no damage. The quokka closely misses you. x2
The goblin attacks as you move away! The goblin barely misses you.
The quokka misses you.
You hit the quokka.
You kill the quokka!
The goblin hits you but does no damage.
Your Conjurations skill increases to level 2!
You closely miss the goblin. The quokka closely misses you.
The goblin barely misses you.
You barely miss the goblin. The quokka closely misses you.
The goblin barely misses you. The quokka closely misses you.
Your magical contamination has completely faded away.
You completely miss the goblin. The quokka closely misses you.
The goblin barely misses you.
You hit the goblin. The quokka bites you.
The goblin hits you but does no damage.
You take 4 damage, and have 7/19 hp.
MASSIVE DAMAGE!!
You puncture the goblin!
You kill the goblin!
The quokka completely misses you. The quokka bites you.
* * * LOW HITPOINT WARNING * * *
You take 2 damage, and have 5/19 hp.
You closely miss the quokka. The quokka bites you.
* * * LOW HITPOINT WARNING * * *
You take 2 damage, and have 3/19 hp.
Aim: a quokka (100% to hit)
The magic dart hits the quokka.
The quokka bites you.
You die...

. #.#.....##......
...####.#.....##.†.(..
...(..................
..###........##......
#.....#######.###..
#########.....### #.#...#
.................####......
#.........##........###..
#######.@)##.......## #..
###r##.......# #..
#.$?##.......# #..
#.....##.......# #..
........##......†# #..
.......)##.......# #..
...###########...# ##.# ...
##..# #... #. ##########..#
#...


You could see a quokka.

Vanquished Creatures
  3 ball pythons (D:1)
  A bat (D:1)
  An endoplasm (D:1)
  A giant cockroach (D:1)
  A goblin (D:1)
  A hobgoblin (D:1)
  2 quokkas (D:1)
  A frilled lizard (D:1)
  2 rats (D:1)
13 creatures vanquished.

Notes
Turn   | Place    | Note
-------+----------+-------------------------------------------
     0 | D:1      | domi the Demonspawn Hedge Wizard began the quest for the
                  | Orb.
     0 | D:1      | Reached XP level 1. HP: 13/13 MP: 4/4
   286 | D:1      | Gained mutation: Your demonic aura sometimes causes spilled
                  | blood to erupt in flames. [demonic ancestry]
   286 | D:1      | Reached XP level 2. HP: 19/19 MP: 0/6
   474 | D:1      | Reached skill level 2 in Conjurations
   479 | D:1      | HP: 3/19 [quokka (2)]
   480 | D:1      | Slain by a quokka

Illustrated notes

Levels and vault maps discovered:
D:1:      lightli_arrival_maybe_door_vault, layout_basic

Skill      XL: |  1  2 |
---------------+-------+-----
Conjurations   | 2 |  2.0
Dodging        | |  1.7
Stealth        | |  1.7
Spellcasting   | |  3.2
Summonings     | |  1.0
Translocations | |  0.8

Action                   || total
-------------------------++-------
Melee: Short sword       ||    11
 Cast: Magic Dart        ||    25
Armor: Robe              ||     3
Dodge: Dodged            ||    21

Table legend: (Time is in decaauts)
 A = Elapsed time spent in this place.
 B = Non-inter-level travel time spent in this place.
 C = Inter-level travel time spent in this place.
 D = Time resting spent in this place.
 E = Time spent auto-exploring this place.
 F = Levels seen in this place.
 G = Mean time per level.
                   A        B        C        D        E       F      G
               +--------+--------+--------+--------+--------+-----+--------+
         Total |    480 |    480 |      0 |     52 |    361 |   1 |  480.0 |
       Dungeon |    480 |    480 |      0 |     52 |    361 |   1 |  480.0 |
               +--------+--------+--------+--------+--------+-----+--------+

Top non-repeatable levels by time:
     D:1: 480 daAuts

Table legend:
 A = Kills in this place as a percentage of kills in entire the game.
 B = Kills by you in this place as a percentage of kills by you in the entire game.
 C = Kills by friends in this place as a percentage of kills by friends in the entire game.
 D = Other kills in this place as a percentage of other kills in the entire game.
 E = Experience gained in this place as a percentage of experience gained in the entire game.
 F = Experience gained in this place divided by the number of levels of this place that you have seen.
                   A       B       C       D       E      F
               +-------+-------+-------+-------+-------+----------------------
         Total | 100.0 | 100.0 |   N/A |   N/A | 100.0 |  21.0
       Dungeon | 100.0 | 100.0 |   N/A |   N/A | 100.0 |  21.0
               +-------+-------+-------+-------+-------+----------------------
